 Dungeon Crawl Stone Soup version 0.16-a0-4133-g472b14a (webtiles) character file.

2656 Psiweapon the Basher (level 9, 0/75 HPs)
             Began as an Ogre Hunter on Mar 3, 2015.
             Was a Priest of Makhleb.
             Slain by Psiweapon's ghost (14 damage)
             ... on level 8 of the Dungeon.
             The game lasted 00:29:24 (8293 turns).

Psiweapon the Basher (Ogre Hunter)                  Turns: 8293, Time: 00:29:24

Health: 0/75       AC:  4    Str: 17    XL:     9   Next: 62%
Magic:  12/12      EV: 14    Int: 10    God:    Makhleb [***...]
Gold:   79         SH:  0    Dex: 13    Spells: 2 memorised, 6 levels left

rFire  + . .     SeeInvis .     Q - +0 giant spiked club (freeze)
rCold  . . .     Clarity  .     L - +0 robe (curse)
rNeg   . . .     SustAb   .     (shield restricted)
rPois  .         Gourm    .     (helmet restricted)
rElec  .         Spirit   .     I - +0 cloak
rCorr  .         Warding  .     (gloves unavailable)
rMut   .         Stasis   .     (boots unavailable)
MR     .....                    (no amulet)
Stlth  ..........               G - ring of protection from fire
                                K - ring of loudness (curse)

@: not resistant to hostile enchantments, extremely unstealthy
A: unfitting armour, frail 1, tough skin 1, weak 1
a: Minor Destruction, Lesser Servant of Makhleb, Renounce Religion


You were on level 8 of the Dungeon.
You worshipped Makhleb.
Makhleb was most pleased with you.
You were hungry.

You visited 2 branches of the dungeon, and saw 9 of its levels.

You collected 269 gold pieces.
You spent 190 gold pieces at shops.

Inventory:

Hand weapons
 a - a +0 short sword
 g - a +0 short sword of electrocution
 t - a +3 whip of electrocution
 v - a +2 dagger of venom
 z - a +0 blowgun
 H - a +2 quarterstaff of chaos
 Q - a +0 giant spiked club of freezing (weapon)
Missiles
 c - 3 throwing nets
 i - 114 stones (quivered)
 l - 17 poisoned needles
Armour
 d - a +1 animal skin
 I - a +0 cloak (worn)
 L - a cursed +0 robe (worn)
Jewellery
 h - the ring "Cratuc" {rElec rF+ Int+4 Slay-3}
   (You found it on level 4 of the Dungeon)

   [ring of protection from fire]

   It affects your intelligence (+4).
   It affects your accuracy and damage with ranged weapons and melee attacks
   (-3).
   It protects you from fire.
   It insulates you from electricity.
 C - a +3 ring of intelligence
 G - a ring of protection from fire (right hand)
 K - a cursed ring of loudness (left hand)
Magical devices
 n - a wand of flame (27)
 y - a wand of slowing (22)
 A - a wand of slowing (26)
 D - a wand of teleportation (6)
 O - a wand of random effects (8)
Scrolls
 e - 8 scrolls of identify
 p - 2 scrolls of teleportation
 r - 5 scrolls of remove curse
 u - 6 scrolls of fear
 B - a scroll of blinking
 R - 2 scrolls of magic mapping
Potions
 o - a potion of might {unknown}
 q - 5 potions of curing
 w - a potion of poison {unknown}
 E - a potion of flight {unknown}
 F - a potion of restore abilities {unknown}
 P - a potion of resistance {unknown}
Books
 m - a book of Necromancy

   Spells                             Type                      Level
   a - Pain                           Necromancy                   1
   b - Animate Skeleton               Necromancy                   1
   c - Vampiric Draining              Necromancy                   3
   d - Regeneration                   Charms/Necromancy            3
   e - Animate Dead                   Necromancy                   4
   f - Control Undead                 Necromancy                   4
 J - a Fen Folio

   Spells                             Type                      Level
   a - Corpse Rot                     Necromancy                   2
   b - Stone Arrow                    Conjuration/Earth            3
   c - Leda's Liquefaction            Hexes/Earth                  4
   d - Summon Forest                  Summoning/Translocation      5
   e - Hydra Form                     Transmutation                6
   f - Summon Hydra                   Summoning                    7
 M - a book of Alchemy

   Spells                             Type                      Level
   a - Sublimation of Blood           Necromancy                   2
   b - Alistair's Intoxication        Transmutation/Poison         4
   c - Condensation Shield            Ice                          4
   d - Petrify                        Transmutation/Earth          4
   e - Ignite Poison                  Fire/Transmutation           5
   f - Irradiate                      Conjuration/Transmutation    5
 S - a book of the Warp

   Spells                             Type                      Level
   a - Recall                         Summoning/Translocation      3
   b - Control Teleport               Charms/Translocation         4
   c - Force Lance                    Conjuration/Translocation    4
   d - Phase Shift                    Translocation                5
   e - Warp Weapon                    Charms/Translocation         5
   f - Gell's Gravitas                Hexes/Translocation          5
   g - Summon Forest                  Summoning/Translocation      5
Comestibles
 b - 8 chunks of flesh
 f - 4 meat rations
 j - 8 fruits
 k - 8 bread rations
 s - a slice of pizza
 N - 3 beef jerkies


   Skills:
 + Level 4.2 Fighting
 - Level 10.4 Maces & Flails
 - Level 5.4 Throwing
 - Level 8.1 Dodging
 - Level 0.7 Stealth
 + Level 2.7 Invocations


You had 6 spell levels left.
You knew the following spells:

 Your Spells              Type           Power        Failure   Level  Hunger
a - Animate Skeleton      Necr           N/A          38%         1    ##.....
b - Pain                  Necr           #...         38%         1    ##.....


Dungeon Overview and Level Annotations

Branches:
Dungeon (8/15)             Temple (1/1) D:5
   Lair: D:8-11

Altars:
Ashenzari
Cheibriados
Dithmenos
Elyvilon
Fedhas
Gozag
Makhleb
Nemelex Xobeh
Okawaru
Qazlal
Ru
Sif Muna
Trog
Vehumet
Xom
Yredelemnul
Zin
The Shining One

Shops:
D:5 *   D:6 :

Annotations:
D:8 Psiweapon's ghost, experienced OgHu


Innate Abilities, Weirdness & Mutations

You are too large for most types of armour.
You have tough skin (AC +1).
You are frail (-10% HP).
You are weak. (Str -2)


Message History

You kill the centaur!
Makhleb accepts your kill.
You feel a little better.
Your Fighting skill increases to level 4!
Psiweapon's ghost (experienced Ogre Hunter) comes into view.
Put on which piece of jewellery? (? for menu, Esc to quit)
You're wearing all the rings you can.
Remove which one? (? for menu, Esc to cancel) < or
h - the ring "Cratuc" {rElec rF+ Int+4 Slay-3} > or
G - a ring of protection from fire You remove the ring "Cratuc" {rElec rF+ Int+4 Slay-3}.
Oops, that ring feels deathly cold.
K - a cursed ring of loudness (left hand)
You see here 2 arrows.
You miss Psiweapon's ghost. Psiweapon's ghost hits you!
* * * LOW HITPOINT WARNING * * *
You closely miss Psiweapon's ghost.
Psiweapon's ghost screams, "You must not succeed where I failed!"
Psiweapon's ghost hits you!
You die...

.........## #................#
.........## #...............##
.......).(####
#..............##
#########(...###..............#
####..##..............#
######................##
...>...........#######.##
##########W##.....# #.#
#@######.# #.# #.# #.# ###.##
#....# #....# #....# ######


You could see Psiweapon's ghost.

Vanquished Creatures
  The ghost of hornqvist the Covert, an experienced OpAs of Okawaru (D:6)
  A hippogriff (D:8)
  A hungry ghost (D:8)
  An orc warrior (D:8)
  2 sky beasts
  A black bear (D:7)
  A phantom (D:8)
  An ice beast (D:7)
  2 ogres
  3 giant frogs
  3 centaurs
  A quasit (D:5)
  A crimson imp (D:7)
  2 goliath beetles
  A centaur zombie (D:5)
  Crazy Yiuf (D:5)
  2 orc priests
  3 hounds
  A centaur skeleton (D:7)
  A giant frog skeleton (D:4)
  4 orc wizards
  2 worker ants
  11 gnolls
  10 adders
  A white imp (D:7)
  2 worms
  A giant mite (D:4)
  13 orcs
  A bat zombie (D:6)
  5 giant cockroaches
  19 goblins
  27 hobgoblins
  5 jackals (D:2)
  A quokka (D:7)
  A ball python (D:4)
  19 bats
  7 giant geckos
  4 giant newts
  2 goblin skeletons (D:7)
  2 goblin zombies (D:7)
  A jackal zombie (D:6)
  16 kobolds
  3 kobold skeletons (D:7)
  A kobold zombie (D:7)
  An orc zombie (D:7)
  19 rats
208 creatures vanquished.

Vanquished Creatures (collateral kills)
  A bat (D:6)
1 creature vanquished.

Grand Total: 209 creatures vanquished

Notes
Turn   | Place    | Note
--------------------------------------------------------------
     0 | D:1      | Psiweapon, the Ogre Hunter, began the quest for the Orb.
     0 | D:1      | Reached XP level 1. HP: 22/22 MP: 1/1
   546 | D:1      | Reached XP level 2. HP: 29/29 MP: 2/2
   870 | D:1      | Reached XP level 3. HP: 22/36 MP: 3/3
  1418 | D:2      | Reached skill level 5 in Throwing
  1511 | D:2      | Learned a level 1 spell: Animate Skeleton
  1779 | D:2      | Reached XP level 4. HP: 39/44 MP: 4/4
  1808 | D:2      | Found a shadowy altar of Dithmenos.
  2629 | D:3      | Reached skill level 1 in Maces & Flails
  2816 | D:3      | Reached XP level 5. HP: 43/50 MP: 5/5
  2914 | D:3      | Found a bloodstained altar of Trog.
  3451 | D:4      | Found a snail-covered altar of Cheibriados.
  3556 | D:4      | Got an ancient platinum ring
  3577 | D:4      | Identified the ring "Cratuc" {rElec rF+ Int+4 Slay-3} (You found it on level 4 of the Dungeon)
  3581 | D:4      | Reached XP level 6. HP: 59/59 MP: 6/6
  4101 | D:5      | Entered Level 5 of the Dungeon
  4269 | D:5      | Found a staircase to the Ecumenical Temple.
  4277 | Temple   | Entered the Ecumenical Temple
  4303 | Temple   | Became a worshipper of Makhleb the Destroyer
  4312 | D:5      | Learned a level 1 spell: Pain
  4340 | D:5      | Reached skill level 5 in Maces & Flails
  4340 | D:5      | Reached XP level 7. HP: 55/66 MP: 7/7
  4341 | D:5      | Reached skill level 5 in Dodging
  4597 | D:5      | Found Trerios' Assorted Antiques.
  4604 | D:5      | Bought an encrusted lead wand for 132 gold pieces
  4604 | D:5      | Bought a fuming coppery potion for 29 gold pieces
  4604 | D:5      | Bought a smoky cyan potion for 29 gold pieces
  4645 | D:5      | Found a shimmering altar of Xom.
  4680 | D:5      | Noticed Crazy Yiuf
  4687 | D:5      | Killed Crazy Yiuf
  4792 | D:5      | Reached skill level 6 in Maces & Flails
  4796 | D:5      | Gained mutation: You are frail (-10% HP). [mutagenic meat]
  5003 | D:6      | Found a shattered altar of Ashenzari.
  5386 | D:6      | Noticed hornqvist's ghost (experienced OpAs)
  5412 | D:6      | Killed hornqvist's ghost
  5412 | D:6      | Reached skill level 7 in Maces & Flails
  5412 | D:6      | Reached XP level 8. HP: 26/66 MP: 8/8
  5589 | D:6      | Found Lipeit's Book Shop.
  5860 | D:7      | Reached skill level 8 in Maces & Flails
  5874 | D:7      | Acquired Makhleb's first power
  6028 | D:7      | HP: 3/66 [something (1)]
  6028 | D:7      | HP: 1/66 [hobgoblin (2)]
  6046 | D:7      | Gained mutation: You are weak. (Str -2) [mutagenic meat]
  6676 | D:7      | Found a glowing golden altar of the Shining One.
  6681 | D:7      | Acquired Makhleb's second power
  7143 | D:7      | Reached skill level 9 in Maces & Flails
  7486 | D:7      | Reached XP level 9. HP: 40/72 MP: 9/9
  7599 | D:7      | Found a radiant altar of Vehumet.
  7849 | D:8      | Reached skill level 10 in Maces & Flails
  8133 | D:8      | Reached skill level 1 in Invocations
  8184 | D:8      | Acquired Makhleb's third power
  8267 | D:8      | Noticed Psiweapon's ghost (experienced OgHu)
  8293 | D:8      | Slain by Psiweapon's ghost

Action                   |  1- 3 |  4- 6 |  7- 9 || total
-------------------------+-------+-------+-------++-------
Melee: Short sword       |   140 |    39 |       ||   179
       Whip              |       |   147 |   219 ||   366
       Quarterstaff      |       |       |    15 ||    15
       Dagger            |       |       |     6 ||     6
       Giant spiked club |       |       |   100 ||   100
 Fire: Blowgun           |       |       |     6 ||     6
Throw: Stone             |    11 |    36 |       ||    47
       Throwing net      |       |     1 |     3 ||     4
       Large rock        |       |     4 |    35 ||    39
 Cast: Animate Skeleton  |       |       |     4 ||     4
Invok: Minor Destruction |       |       |     3 ||     3
Evoke: Wand              |       |     2 |     5 ||     7
  Use: Scroll            |       |     5 |     7 ||    12
       Potion            |       |       |     2 ||     2
 Stab: Held in net/web   |       |     1 |       ||     1
       Sleeping          |       |     2 |     1 ||     3
  Eat: Chunk             |     3 |     8 |    16 ||    27
